 Dungeon Crawl Stone Soup version 0.31-a0-833-gc15d34cb79 (webtiles) character file.

Game seed: 7877100606146988472

5 LeprechaunX the Changeling (level 1, -3/13 HPs)
             Began as an Octopode Shapeshifter on Sept 25, 2023.
             Slain by a kobold
             ... wielding a +0 dagger
              (4 damage)
             ... on level 1 of the Dungeon.
             The game lasted 00:00:11 (78 turns).

LeprechaunX the Changeling (Octopode Shapeshifter)    Turns: 78, Time: 00:00:12

Health: -3/13      AC:  1    Str: 13    XL:     1   Next: 80%
Magic:  1/1        EV: 13    Int: 12    God:
Gold:   0          SH:  0    Dex: 11    Spells: 0/0 levels left

rFire   . .          .
                       - Unarmed
rCold   . . .        (no shield)
rNeg    . . .        (helmet currently unavailable)
rPois   .            (no amulet)
rElec   .            (no ring)
rCorr   .            (no ring)
SInv    .            (no ring)
Will    .....        (no ring)
Stlth   ++           (no ring)
HPRegen 0.22/turn    (no ring)
MPRegen 0.07/turn    (no ring)
                     (no ring)

%: no passive effects
@: beast-form
A: beast (slay +1), almost no armour, amphibious, 8 rings, camouflage 1,
gelatinous body 1, (nimble swimmer 1), tentacles
a: Begin Untransformation


You were on level 1 of the Dungeon.
You were a hulking beast.
You visited 1 branch of the dungeon, and saw 1 of its levels.

Inventory:

Talismans
 b - a beast talisman (active)
 c - a flux talisman
Potions
 a - a potion of lignification


   Skills:
 + Level 1.1 Fighting
 + Level 2.1 Dodging
 + Level 3.0 Unarmed Combat
 * Level 3.1 Shapeshifting


You couldn't memorise any spells.
You didn't know any spells.
Your spell library was empty.

Dungeon Overview and Level Annotations

Branches:
Dungeon (1/15)

Altars:


Innate Abilities, Weirdness & Mutations

You are a hulking beast.
Your limbs bulge with bestial killing power. (Slay +1)
You cannot wear most types of armour.
You are amphibious.
You can wear up to eight rings at the same time.
Your skin changes colour to match your surroundings (Stealth+).
Your rubbery body absorbs attacks. (AC +1, EV +1)
((You are camouflaged when in or above water. (Stealth+)))
You have tentacles for arms and can constrict up to eight enemies at once.


Message History

Your grab misses the hobgoblin. Your squeeze misses the hobgoblin.
The hobgoblin completely misses you. The kobold closely misses you.
You tentacle-slap the hobgoblin. You grab the hobgoblin.
The hobgoblin is severely wounded.
You constrict the hobgoblin. The hobgoblin closely misses you.
The kobold hits you with a +0 dagger.
You tentacle-slap the hobgoblin.
You kill the hobgoblin!
The bat barely misses you. The jackal bites you.
The bat hits you but does no damage. The kobold hits you with a +0 dagger.
You tentacle-slap the jackal. Your grab misses the jackal.
The jackal is heavily wounded.
The bat closely misses you. The jackal closely misses you.
The jackal bites you. The kobold misses you.
You tentacle-slap the jackal.
You kill the jackal!
The kobold hits you with a +0 dagger. The rat bites you.
The jackal barely misses you. The jackal misses you.
You are too injured to fight recklessly!
You are too injured to fight recklessly!
You are too injured to fight recklessly!
You are too injured to fight recklessly!
There are monsters nearby!
There are monsters nearby!
You are too injured to fight recklessly!
You are too injured to fight recklessly!
You tentacle-slap the jackal but do no damage.
Your grab misses the jackal. The jackal barely misses you. x2
The rat misses you. The kobold barely misses you.
Unknown command.
You closely miss the kobold. You grab the kobold. You constrict the kobold.
The jackal barely misses you. The jackal closely misses you. The rat bites you.
The kobold hits you with a +0 dagger.
* * * LOW HITPOINT WARNING * * *
Unknown command.
You tentacle-slap the rat but do no damage.
Your grab misses the rat. You constrict the kobold.
The jackal barely misses you. The jackal closely misses you.
The jackal completely misses you. The kobold hits you with a +0 dagger.
You die...

+......###....#
##....)....#
+.........#
#.........#
#.........#
+.........#
#.........#
...........#
###.##.hh..# #.
#.rhK.#
......b..#
..#.......#
#...!....
.......####
.........
.........


You could see 2 jackals, a bat, a kobold and a rat.

Vanquished Creatures
  A ball python (D:1)
  A hobgoblin (D:1)
  A jackal (D:1)
  A frilled lizard (D:1)
  A kobold (D:1)
5 creatures vanquished.

Notes
Turn   | Place    | Note
-------+----------+-------------------------------------------
     0 | D:1      | LeprechaunX the Octopode Shapeshifter began the quest for
                  | the Orb.
     0 | D:1      | Reached XP level 1. HP: 13/13 MP: 1/1
    78 | D:1      | Slain by a kobold

Illustrated notes

Levels and vault maps discovered:
D:1:      nzn_arrival_depleted_hourglass, layout_basic, serial_bayou_crossing

Action                     || total
---------------------------++-------
  Melee: Unarmed           ||    13
         Constrict         ||     3
   Stab: Distracted        ||     1
         Sleeping          ||     1
 Armour: Skin              ||    12
  Dodge: Dodged            ||    21

Table legend: (Time is in decaauts)
 A = Elapsed time spent in this place.
 B = Non-inter-level travel time spent in this place.
 C = Inter-level travel time spent in this place.
 D = Time resting spent in this place.
 E = Time spent auto-exploring this place.
 F = Levels seen in this place.
 G = Mean time per level.
                   A        B        C        D        E       F      G
               +--------+--------+--------+--------+--------+-----+--------+
         Total |     77 |     77 |      0 |      0 |     48 |   1 |   77.0 |
       Dungeon |     77 |     77 |      0 |      0 |     48 |   1 |   77.0 |
               +--------+--------+--------+--------+--------+-----+--------+

Top non-repeatable levels by time:
     D:1: 77 daAuts
